 Dungeon Crawl Stone Soup version 0.25-a0-190-g27fffb8c76 (webtiles) character file.

Game seed: 12536968861222022874, levelgen mode: deterministic

88 Goreval the Poker (level 4, -2/35 HPs)
             Began as a Merfolk Gladiator on Nov 30, 2019.
             Slain by Crazy Yiuf
             ... wielding a +4 quarterstaff of chaos
              (11 damage)
             ... on level 2 of the Dungeon.
             The game lasted 00:03:31 (1670 turns).

Goreval the Poker (Merfolk Gladiator)               Turns: 1670, Time: 00:03:32

Health: -2/35      AC: 10    Str: 15    XL:     4   Next: 53%
Magic:  4/4        EV: 11    Int:  7    God:
Gold:   180        SH:  0    Dex: 15    Spells: 3/3 levels left

rFire    . . .     SeeInvis .   a - +0 trident
rCold    . . .     Gourm    .   (no shield)
rNeg     . . .     Faith    .   q - +3 scale mail
rPois    .         Spirit   .   c - +0 helmet
rElec    .         Reflect  .   (no cloak)
rCorr    .         Harm     .   (no gloves)
MR       .....                  (no boots)
Stlth    ..........             (no amulet)
HPRegen  0.11/turn              (no ring)
MPRegen  0.09/turn              (no ring)

@: lethally poisoned (-2 -> -8)
A: change form in water, swift swim, stealthy swim
a: no special abilities


You were on level 2 of the Dungeon.
You were not hungry.

You visited 1 branch of the dungeon, and saw 2 of its levels.

You collected 180 gold pieces.

Inventory:

Hand Weapons
 a - a +0 trident (weapon)
Missiles
 d - 3 throwing nets (quivered)
Armour
 c - a +0 helmet (worn)
 q - a +3 scale mail (worn)
Scrolls
 e - 2 scrolls of remove curse {unknown}
 i - 4 scrolls of teleportation {unknown}
 j - a scroll of magic mapping {unknown}
 l - 2 scrolls of identify {unknown}
 m - a scroll of fear {unknown}
 o - a scroll of amnesia {unknown}
 p - a scroll of enchant weapon {unknown}
 s - a scroll of immolation {unknown}
 t - a scroll of fog {unknown}
Potions
 b - 2 potions of might {unknown}
 g - 2 potions of curing {unknown}
 h - a potion of degeneration {unknown}
 k - a potion of invisibility {unknown}
 n - a potion of heal wounds {unknown}
Comestibles
 f - 3 rations


   Skills:
 + Level 3.3 Fighting
 * Level 6.6 Polearms
 - Level 2.0 Throwing
 - Level 4.0 Dodging


You had 3 spell levels left.
You didn't know any spells.
Your spell library was empty.

Dungeon Overview and Level Annotations

Branches:
Dungeon (2/15)

Altars:
Ru

Annotations:
D:2 Crazy Yiuf


Message History

A mace.
The floor.
You open the door. You hit Crazy Yiuf but do no damage.
Crazy Yiuf hits you with a +4 quarterstaff of chaos!
You hit Crazy Yiuf. Crazy Yiuf hits you but does no damage.
You barely miss Crazy Yiuf. Crazy Yiuf hits you but does no damage.
You are poisoned.
You hit Crazy Yiuf.
You feel sick. Crazy Yiuf barely misses you.
You hit Crazy Yiuf but do no damage.
You feel sick.
Crazy Yiuf hits you with a +4 quarterstaff of chaos.
Space bends around you.
You hit Crazy Yiuf but do no damage.
Unknown command.
Okay, then.
You closely miss Crazy Yiuf.
You feel sick.
Crazy Yiuf hits you with a +4 quarterstaff of chaos.
* * * LOW HITPOINT WARNING * * *
You are electrocuted!
You die...

#....###.#
#....# #.#
♣....♣ #.#
♣♣..)♣ #.#
♣♣)♣♣ #.#
♣♣)♣ ###
♣)♣♣ ♣♣)♣
##### ♣@♣♣
#...# #g#
#.### )))
## #.#
#)))# .#
#.# #).)#
.#######.#
#####
.........#
##########


You could see Crazy Yiuf.

Vanquished Creatures
  3 adders (D:2)
  3 worms (D:2)
  A dart slug (D:2)
  2 leopard geckos (D:1)
  A ball python (D:1)
  2 giant cockroaches
  7 hobgoblins
  3 jackals (D:2)
  10 bats
  A frilled lizard (D:2)
  3 goblins (D:1)
  5 kobolds
  6 rats
47 creatures vanquished.

Notes
Turn   | Place    | Note
-------+----------+-------------------------------------------
     0 | D:1      | Goreval the Merfolk Gladiator began the quest for the Orb.
     0 | D:1      | Reached XP level 1. HP: 16/16 MP: 1/1
   191 | D:1      | Reached XP level 2. HP: 23/23 MP: 2/2
   199 | D:1      | Reached skill level 5 in Polearms
   511 | D:1      | Reached XP level 3. HP: 28/28 MP: 3/3
   935 | D:2      | Reached skill level 6 in Polearms
  1065 | D:2      | Found a sacrificial altar of Ru.
  1151 | D:2      | Reached XP level 4. HP: 35/35 MP: 4/4
  1353 | D:2      | Found a runed translucent door.
  1354 | D:2      | Noticed Crazy Yiuf
  1670 | D:2      | Slain by Crazy Yiuf

Levels and vault maps discovered:
D:1:      nzn_arrival_settlement, layout_loops_ring, hangedman_decor_riveting,
          minmay_misc_feat_rows
D:2:      layout_basic, nicolae_ru_the_path_less_chosen, uniq_crazy_yiuf_cottage

Skill      XL: |  1  2  3 |
---------------+----------+-----
Polearms       | 5 6 |  6.6
Fighting       | 3 |  3.3
Throwing       | |  2.0
Dodging        | |  4.0

Action                   |  1- 3 |  4- 6 || total
-------------------------+-------+-------++-------
Melee: Trident           |   129 |    38 ||   167
 Stab: Sleeping          |     3 |       ||     3
  Eat: Chunk             |       |     3 ||     3
Armor: Leather armour    |    18 |       ||    18
       Scale mail        |    10 |    16 ||    26
Dodge: Dodged            |    68 |    21 ||    89

Table legend:
 A = Non-vault XP
 B = Vault XP
 C = Vault XP percentage of total XP
 D = Non-vault monster count
 E = Vault monster count
 F = Vault count percentage of total count
                 A         B        C        D         E       F
            +---------+---------+-------+---------+---------+-------
      Total |     126 |       0 |   0.0 |      47 |       0 |   0.0
            +---------+---------+-------+---------+---------+-------
        D:1 |      42 |       0 |   0.0 |      25 |       0 |   0.0
        D:2 |      84 |       0 |   0.0 |      22 |       0 |   0.0
            +---------+---------+-------+---------+---------+-------
